AoeStats
← Kestuvaffer

Arabia

504452494Analyzed
1v1 RM · 25d ago on Sep 5, 2026· 24m 6s· 2 players
Game mode
Random Map
Map size
Tiny (2 player)
Population
200
Speed
Normal
Resources
Standard
Victory
Conquest
Starting age
Dark Age
Ending age
Imperial Age
RankedLock teamsTeams togetherTeam positionsShared explorationLock speedFull tech treeHidden civsTurbo modeCheats
Victory
Defeat
🇫🇷 Romans · France
954
+16
🇫🇮 Goths · Finland
961
-16
Kestuvaffer
10:21 Feudal Age
10:23 Man-at-Arms
10:56 Double-Bit Axe
14:17 Loom
15:06 Scale Mail Armor
15:17 Forging
21:24 Town Watch
Petrilla
9:57 Feudal Age
10:33 Man-at-Arms
15:20 Loom
Connection lost

Rejoining the realm…

Still unreachable

The connection could not be restored.

Session expired

The server has moved on; the page needs a fresh start.